TOP OF THE 1ST |
Renton Wrecks batting - Pitching for Bend Bandits : LHP Fernando Gonzales
|
Pitching: LHP Fernando Gonzales
|
|
Batting: RHB Rolando Pino
|
0-0: Swinging Strike 0-1: Ball 1-1: Ground out 5-3 (Groundball, 56S, EV 66.9 MPH)
|
Batting: SHB Ethan Charles
|
0-0: Called Strike 0-1: Ground out 6-3 (Groundball, 6, EV 107.5 MPH)
|
Batting: RHB Luis Gomez
|
0-0: Ball 1-0: Ball 2-0: Called Strike 2-1: Ball 3-1: Swinging Strike 3-2: Base on Balls
|
Batting: RHB Stan Holmes
|
0-0: SINGLE (Groundball, 56D, EV 96.9 MPH) Luis Gomez to second
|
Batting: RHB Andrew Pratt
|
0-0: Ball 1-0: Ball 2-0: Foul Ball, location: 2F 2-1: Ball 3-1: Swinging Strike 3-2: Foul Ball, location: 2F 3-2: Foul Ball, location: 2F 3-2: Foul Ball, location: 2F 3-2: Strikes out swinging
|
Top of the 1st over - 0 runs, 1 hit, 0 errors, 2 left on base; Renton 0 - Bend 0 |
BOTTOM OF THE 1ST |
Bend Bandits batting - Pitching for Renton Wrecks : RHP Gary Frank
|
Pitching: RHP Gary Frank
|
|
Batting: RHB Elijah Ben
|
0-0: Called Strike 0-1: Ball 1-1: SOLO HOME RUN (Flyball, 7D, EV 112.5 MPH), Distance : 389 ft
|
Batting: RHB Phil Smith
|
0-0: Reached on error, E4 (Groundball, 4, EV 108.8 MPH)
|
Batting: LHB Jim Riggs
|
0-0: Ball 1-0: Ball 2-0: Foul Ball, location: 2F 2-1: Fielders Choice at 2nd, 4-6 (Groundball, 4, EV 76.9 MPH)
|
Batting: RHB Jeff Doerr
|
0-0: SINGLE (Groundball, 6MD, EV 96.3 MPH) Jim Riggs to second Runner from 2nd tries for 3rd, SAFE, no throw by CF
|
Batting: RHB Kevin Romine
|
0-0: Foul Ball, location: 2F 0-1: Ball 1-1: Called Strike 1-2: Foul Ball, location: 2F 1-2: Strikes out swinging
|
Batting: RHB Greg Olson
|
0-0: Foul Ball, location: 2F 0-1: Ball 1-1: Ground out 4-3 (Groundball, 13, EV 89.4 MPH)
|
Bottom of the 1st over - 1 run, 2 hits, 1 error, 2 left on base; Renton 0 - Bend 1 |
TOP OF THE 2ND |
Renton Wrecks batting - Pitching for Bend Bandits : LHP Fernando Gonzales
|
Batting: LHB Troy Thomas
|
0-0: Called Strike 0-1: Ball 1-1: Foul Ball, location: 2F 1-2: Ball 2-2: Ground out 6-3 (Groundball, 6M, EV 78.8 MPH)
|
Batting: RHB Frank Garcia
|
0-0: Foul Ball, location: 2F 0-1: Ball 1-1: Ball 2-1: Ball 3-1: Foul Ball, location: 2F 3-2: SINGLE (Groundball, 34D, EV 95.0 MPH)
|
Batting: LHB Paul Thoutsis
|
0-0: Fly out, F7 (Flyball, 7S, EV 95.6 MPH)
|
Batting: LHB Christian Bryeans
|
0-0: Called Strike 0-1: Foul Ball, location: 2F 0-2: SINGLE (Groundball, 6MD, EV 101.9 MPH) Frank Garcia to second
|
Batting: RHB Rolando Pino
|
0-0: Called Strike 0-1: Foul Ball, location: 2F 0-2: Ball Wild Pitch! Frank Garcia to third Christian Bryeans to second 1-2: Ball 2-2: Ball 3-2: DOUBLE (Line Drive, 9LS, EV 87.5 MPH) Frank Garcia scores Christian Bryeans scores
|
Batting: SHB Ethan Charles
|
0-0: Swinging Strike 0-1: Ball 1-1: Ground out 6-3 (Groundball, 6, EV 79.4 MPH)
|
Top of the 2nd over - 2 runs, 3 hits, 0 errors, 1 left on base; Renton 2 - Bend 1 |
BOTTOM OF THE 2ND |
Bend Bandits batting - Pitching for Renton Wrecks : RHP Gary Frank
|
Batting: RHB Mark Frishman
|
0-0: Ball 1-0: Called Strike 1-1: Ball 2-1: Foul Ball, location: 2F 2-2: DOUBLE (Flyball, 8LXD, EV 97.5 MPH)
|
Batting: RHB Ronald Harper
|
0-0: Ball 1-0: Foul Ball, location: 2F 1-1: Ball 2-1: Ball 3-1: Base on Balls
|
Batting: RHB Trajano Estrela
|
0-0: Fly out, F8 (Flyball, 8RM, EV 88.8 MPH)
|
Batting: RHB Elijah Ben
|
0-0: Ball 1-0: Ball 2-0: Ball 3-0: Base on Balls Mark Frishman to third Ronald Harper to second
|
Batting: RHB Phil Smith
|
0-0: Swinging Strike 0-1: Swinging Strike 0-2: Fly out, F7 (Flyball, 7S, EV 83.1 MPH) Runner from 3rd tags up, SCORES, throw by LF
|
Batting: LHB Jim Riggs
|
0-0: Ball 1-0: Called Strike 1-1: Reached on error, E4 (Groundball, 4S, EV 78.1 MPH) Ronald Harper scores Elijah Ben to third
|
Batting: RHB Jeff Doerr
|
0-0: Hit by Pitch
|
Batting: RHB Kevin Romine
|
0-0: Ball 1-0: Foul Ball, location: 2F 1-1: Fielders Choice at 2nd, 5-4 (Groundball, 56, EV 88.1 MPH)
|
Bottom of the 2nd over - 2 runs, 1 hit, 1 error, 3 left on base; Renton 2 - Bend 3 |
TOP OF THE 3RD |
Renton Wrecks batting - Pitching for Bend Bandits : LHP Fernando Gonzales
|
Batting: RHB Luis Gomez
|
0-0: Called Strike 0-1: Ball 1-1: Ball 2-1: Ball 3-1: Swinging Strike 3-2: Foul Ball, location: 2F 3-2: Foul Ball, location: 2F 3-2: Base on Balls
|
Batting: RHB Stan Holmes
|
0-0: Fly out, F8 (Flyball, 8LXD, EV 86.9 MPH)
|
Batting: RHB Andrew Pratt
|
0-0: Foul Ball, location: 2F 0-1: Foul Ball, location: 2F 0-2: Foul Ball, location: 2F 0-2: Foul Ball, location: 2F 0-2: Foul Ball, location: 2F 0-2: Ball 1-2: Ball 2-2: Ball 3-2: Foul Ball, location: 2F 3-2: Foul Ball, location: 2F 3-2: Strikes out swinging
|
Batting: LHB Troy Thomas
|
0-0: Ball 1-0: Swinging Strike 1-1: Fly out, F8 (Flyball, 8RM, EV 82.5 MPH)
|
Top of the 3rd over - 0 runs, 0 hits, 0 errors, 1 left on base; Renton 2 - Bend 3 |
BOTTOM OF THE 3RD |
Bend Bandits batting - Pitching for Renton Wrecks : RHP Gary Frank
|
Batting: RHB Greg Olson
|
0-0: Foul Ball, location: 2F 0-1: Called Strike 0-2: Ball 1-2: SINGLE (Groundball, 4MS, EV 71.9 MPH) (infield hit)
|
Batting: RHB Mark Frishman
|
0-0: Called Strike 0-1: Ball 1-1: Called Strike 1-2: Strikes out swinging
|
Batting: RHB Ronald Harper
|
0-0: Ball 1-0: Ball 2-0: Ball 3-0: Called Strike 3-1: Base on Balls Greg Olson to second
|
Batting: RHB Trajano Estrela
|
0-0: Called Strike 0-1: Ball 1-1: Foul Ball, location: 2F 1-2: Fly out, F5 (Popup, 5SF, EV 85.6 MPH)
|
Batting: RHB Elijah Ben
|
0-0: Ball 1-0: Ball 2-0: Ball 3-0: Base on Balls Greg Olson to third Ronald Harper to second
|
Batting: RHB Phil Smith
|
0-0: Ball 1-0: Swinging Strike 1-1: SINGLE (Groundball, 4D, EV 96.9 MPH) Greg Olson scores Ronald Harper to third Elijah Ben to second Runner from 3rd tries for Home, SAFE, throw by CF to home
|
Batting: LHB Jim Riggs
|
0-0: Foul Ball, location: 2F 0-1: Swinging Strike 0-2: Foul Ball, location: 2F 0-2: Ball 1-2: Ball 2-2: Ball 3-2: Base on Balls Elijah Ben to third Phil Smith to second
|
Batting: RHB Jeff Doerr
|
0-0: Foul Ball, location: 2F 0-1: Ball 1-1: Foul Ball, location: 2F 1-2: Fly out, F5 (Line Drive, 56, EV 91.9 MPH)
|
Bottom of the 3rd over - 2 runs, 2 hits, 0 errors, 3 left on base; Renton 2 - Bend 5 |
TOP OF THE 4TH |
Renton Wrecks batting - Pitching for Bend Bandits : LHP Fernando Gonzales
|
Batting: RHB Frank Garcia
|
0-0: Ball 1-0: Ball 2-0: Ball 3-0: Called Strike 3-1: Base on Balls
|
Batting: LHB Paul Thoutsis
|
0-0: Called Strike 0-1: Called Strike 0-2: Foul Ball, location: 2F 0-2: Ball 1-2: Foul Ball, location: 2F 1-2: Ball 2-2: Grounds into double play, 5-4-3 (Groundball, 5, EV 103.1 MPH)
|
Batting: LHB Christian Bryeans
|
0-0: Ball 1-0: Ball 2-0: Called Strike 2-1: Swinging Strike 2-2: Ball 3-2: SINGLE (Groundball, 4MS, EV 67.5 MPH) (infield hit)
|
Batting: RHB Rolando Pino
|
0-0: Ball 1-0: Ball 2-0: Ball 3-0: Base on Balls Christian Bryeans to second
|
Batting: SHB Ethan Charles
|
0-0: Called Strike 0-1: Fly out, F7 (Flyball, 78D, EV 99.4 MPH)
|
Top of the 4th over - 0 runs, 1 hit, 0 errors, 2 left on base; Renton 2 - Bend 5 |
BOTTOM OF THE 4TH |
Bend Bandits batting - Pitching for Renton Wrecks : RHP Gary Frank
|
Batting: RHB Kevin Romine
|
0-0: Ball 1-0: Swinging Strike 1-1: Foul Ball, location: 2F 1-2: Foul Ball, location: 2F 1-2: Ground out 6-3 (Groundball, 6, EV 103.8 MPH)
|
Batting: RHB Greg Olson
|
0-0: Called Strike 0-1: Ground out 4-3 (Groundball, 4M, EV 88.1 MPH)
|
Batting: RHB Mark Frishman
|
0-0: Ball 1-0: Swinging Strike 1-1: Called Strike 1-2: Ball 2-2: Ball 3-2: Ground out U3 (Groundball, 3, EV 89.4 MPH)
|
Bottom of the 4th over - 0 runs, 0 hits, 0 errors, 0 left on base; Renton 2 - Bend 5 |
TOP OF THE 5TH |
Renton Wrecks batting - Pitching for Bend Bandits : LHP Fernando Gonzales
|
Batting: RHB Luis Gomez
|
0-0: Ball 1-0: Ball 2-0: Ball 3-0: Base on Balls
|
Batting: RHB Stan Holmes
|
0-0: Ball 1-0: Swinging Strike 1-1: Ball 2-1: Ball 3-1: Foul Ball, location: 2F 3-2: Base on Balls Luis Gomez to second
|
Batting: RHB Andrew Pratt
|
0-0: Ball 1-0: Ball 2-0: Ball 3-0: Called Strike 3-1: Fly out, F8 (Flyball, 89M, EV 77.5 MPH)
|
Batting: LHB Troy Thomas
|
0-0: Ball 1-0: Called Strike 1-1: Foul Ball, location: 2F 1-2: Ball 2-2: DOUBLE (Line Drive, 3D, EV 97.5 MPH) Luis Gomez scores Stan Holmes to third
|
Batting: RHB Frank Garcia
|
0-0: Swinging Strike 0-1: Swinging Strike 0-2: Foul Ball, location: 2F 0-2: Ball 1-2: Foul Ball, location: 2F 1-2: Ball 2-2: Foul Ball, location: 2F 2-2: Strikes out looking
|
Pitching: RHP Donald Hughes
|
|
Batting: LHB Paul Thoutsis
|
0-0: Fly out, F7 (Flyball, 78D, EV 98.8 MPH)
|
Top of the 5th over - 1 run, 1 hit, 0 errors, 2 left on base; Renton 3 - Bend 5 |
BOTTOM OF THE 5TH |
Bend Bandits batting - Pitching for Renton Wrecks : RHP Gary Frank
|
Batting: RHB Ronald Harper
|
0-0: Ground out 6-3 (Groundball, 6, EV 87.5 MPH)
|
Batting: RHB Trajano Estrela
|
0-0: Ball 1-0: Called Strike 1-1: Ball 2-1: Ball 3-1: Reached on error, E5 (Groundball, 56, EV 90.0 MPH)
|
Batting: RHB Elijah Ben
|
0-0: Called Strike 0-1: Ball 1-1: Ball 2-1: Ball 3-1: Base on Balls
|
Batting: RHB Phil Smith
|
0-0: Called Strike 0-1: Fielders Choice at 2nd, 4-6 (Groundball, 4, EV 80.6 MPH) Trajano Estrela to third
|
Batting: LHB Jim Riggs
|
0-0: Ball 1-0: Swinging Strike 1-1: Foul Ball, location: 2F 1-2: Fly out, F9 (Flyball, 9D, EV 104.4 MPH)
|
Bottom of the 5th over - 0 runs, 0 hits, 1 error, 2 left on base; Renton 3 - Bend 5 |
TOP OF THE 6TH |
Renton Wrecks batting - Pitching for Bend Bandits : RHP Donald Hughes
|
Batting: LHB Christian Bryeans
|
0-0: Foul Ball, location: 2F 0-1: Ball 1-1: Foul Ball, location: 2F 1-2: DOUBLE (Flyball, 89XD, EV 112.5 MPH)
|
Batting: RHB Rolando Pino
|
0-0: Called Strike 0-1: Ball 1-1: Foul Ball, location: 2F 1-2: Foul Ball, location: 2F 1-2: Strikes out looking
|
Batting: SHB Ethan Charles
|
0-0: Called Strike 0-1: Ball 1-1: Ball 2-1: Fly out, F8 (Flyball, 8LXD, EV 91.9 MPH) Runner from 2nd tags up, SAFE at 3rd, no throw by CF
|
Batting: RHB Luis Gomez
|
0-0: Ball 1-0: Ball 2-0: Foul Ball, location: 2F 2-1: Ball 3-1: SINGLE (Groundball, 34D, EV 95.6 MPH) Christian Bryeans scores
|
Batting: RHB Stan Holmes
|
0-0: Ball 1-0: Ball 2-0: Foul Ball, location: 2F 2-1: Ball 3-1: Foul Ball, location: 2F 3-2: Base on Balls Luis Gomez to second
|
Batting: RHB Andrew Pratt
|
0-0: Ball 1-0: Swinging Strike 1-1: Ball 2-1: Foul Ball, location: 2F 2-2: Strikes out swinging
|
Top of the 6th over - 1 run, 2 hits, 0 errors, 2 left on base; Renton 4 - Bend 5 |
BOTTOM OF THE 6TH |
Bend Bandits batting - Pitching for Renton Wrecks : RHP Gary Frank
|
Batting: RHB Jeff Doerr
|
0-0: TRIPLE (Flyball, 89XD, EV 103.1 MPH)
|
Batting: RHB Kevin Romine
|
0-0: Ball 1-0: Fly out, F9 (Flyball, 9LM, EV 70.6 MPH)
|
Batting: RHB Greg Olson
|
0-0: SINGLE (Flyball, 6MD, EV 95.0 MPH) Jeff Doerr scores
|
Pitching: RHP Alfredo Bisot
|
|
Batting: RHB Mark Frishman
|
0-0: Ball 1-0: Called Strike 1-1: Fly out, F5 (Popup, 6S, EV 66.3 MPH)
|
Batting: RHB Ronald Harper
|
0-0: Called Strike 0-1: Ball 1-1: Ball 2-1: Ball 3-1: Foul Ball, location: 2F 3-2: Ground out 5-3 (Groundball, 56, EV 87.5 MPH)
|
Bottom of the 6th over - 1 run, 2 hits, 0 errors, 1 left on base; Renton 4 - Bend 6 |
TOP OF THE 7TH |
Renton Wrecks batting - Pitching for Bend Bandits : RHP Donald Hughes
|
Batting: LHB Troy Thomas
|
0-0: Ball 1-0: Ball 2-0: Ball 3-0: Base on Balls
|
Batting: RHB Frank Garcia
|
0-0: 2-RUN HOME RUN (Flyball, 7D, EV 104.4 MPH), Distance : 376 ft
|
Pitching: LHP James Canavan
|
|
Batting: LHB Paul Thoutsis
|
0-0: Ball 1-0: Ball 2-0: Called Strike 2-1: Foul Ball, location: 2F 2-2: Strikes out looking
|
Batting: LHB Christian Bryeans
|
0-0: Fly out, F5 (Popup, 6S, EV 73.8 MPH)
|
Batting: RHB Rolando Pino
|
0-0: Ball 1-0: Swinging Strike 1-1: Called Strike 1-2: Strikes out looking
|
Top of the 7th over - 2 runs, 1 hit, 0 errors, 0 left on base; Renton 6 - Bend 6 |
BOTTOM OF THE 7TH |
Bend Bandits batting - Pitching for Renton Wrecks : RHP Alfredo Bisot
|
Batting: RHB Trajano Estrela
|
0-0: Called Strike 0-1: Called Strike 0-2: Ground out U3 (Groundball, 34, EV 91.3 MPH)
|
Batting: RHB Elijah Ben
|
0-0: Foul Ball, location: 2F 0-1: Called Strike 0-2: Ball 1-2: Fly out, F8 (Line Drive, 8LM, EV 95.0 MPH)
|
Batting: RHB Phil Smith
|
0-0: Ball 1-0: Ground out 6-3 (Groundball, 6, EV 84.4 MPH)
|
Bottom of the 7th over - 0 runs, 0 hits, 0 errors, 0 left on base; Renton 6 - Bend 6 |
TOP OF THE 8TH |
Renton Wrecks batting - Pitching for Bend Bandits : LHP James Canavan
|
Batting: SHB Ethan Charles
|
0-0: Ball 1-0: SINGLE (Groundball, 6MD, EV 103.8 MPH)
|
Batting: RHB Luis Gomez
|
0-0: Ball 1-0: Ball 2-0: Called Strike 2-1: Ball 3-1: Fly out, F3 (Flyball, 3D, EV 92.5 MPH)
|
Batting: RHB Stan Holmes
|
0-0: SINGLE (Groundball, 56D, EV 99.4 MPH) Ethan Charles to second
|
Batting: RHB Andrew Pratt
|
0-0: Called Strike 0-1: Swinging Strike 0-2: Fly out, F7 (Flyball, 7, EV 91.9 MPH)
|
Batting: LHB Troy Thomas
|
0-0: Ball 1-0: Ball 2-0: Ball 3-0: Called Strike 3-1: Base on Balls Ethan Charles to third Stan Holmes to second
|
Batting: RHB Frank Garcia
|
0-0: Ground out 5-3 (Groundball, 56S, EV 88.1 MPH)
|
Top of the 8th over - 0 runs, 2 hits, 0 errors, 3 left on base; Renton 6 - Bend 6 |
BOTTOM OF THE 8TH |
Bend Bandits batting - Pitching for Renton Wrecks : RHP Alfredo Bisot
|
Batting: LHB Jim Riggs
|
0-0: Ball 1-0: Ball 2-0: Ground out 4-3 (Groundball, 4D, EV 96.3 MPH)
|
Batting: RHB Jeff Doerr
|
0-0: Called Strike 0-1: Ball 1-1: Ball 2-1: Called Strike 2-2: Foul Ball, location: 2F 2-2: Ball 3-2: Foul Ball, location: 2F 3-2: Foul Ball, location: 2F 3-2: Foul Ball, location: 2F 3-2: Foul Ball, location: 2F 3-2: Base on Balls
|
Pitching: RHP Randolph Holt
|
|
Batting: RHB Kevin Romine
|
0-0: Called Strike 0-1: Ball 1-1: Swinging Strike 1-2: Strikes out swinging
|
Batting: RHB Greg Olson
|
0-0: Ball 1-0: Foul Ball, location: 2F 1-1: Ball 2-1: Ground out 6-3 (Groundball, 4MS, EV 86.3 MPH)
|
Bottom of the 8th over - 0 runs, 0 hits, 0 errors, 1 left on base; Renton 6 - Bend 6 |
TOP OF THE 9TH |
Renton Wrecks batting - Pitching for Bend Bandits : LHP James Canavan
|
Pitching: LHP David Flowers
|
|
Pinch Hitting: RHB Jose Leiva
|
0-0: Ball 1-0: Foul Ball, location: 2F 1-1: Fly out, F9 (Flyball, 89D, EV 75.0 MPH)
|
Pinch Hitting: RHB Julian Gutierrez
|
0-0: Ball 1-0: Ground out 6-3 (Groundball, 6MS, EV 72.5 MPH)
|
Batting: RHB Rolando Pino
|
0-0: Ball 1-0: Ball 2-0: Foul Ball, location: 2F 2-1: Foul Ball, location: 2F 2-2: Strikes out swinging
|
Top of the 9th over - 0 runs, 0 hits, 0 errors, 0 left on base; Renton 6 - Bend 6 |
BOTTOM OF THE 9TH |
Bend Bandits batting - Pitching for Renton Wrecks : RHP Randolph Holt
|
Now at SS: Mike Knox
|
|
Now in LF: Jose Leiva
|
|
Batting: LHB Bill Kuchar
|
0-0: Ball 1-0: Ball 2-0: Called Strike 2-1: Ball 3-1: Foul Ball, location: 2F 3-2: Base on Balls
|
Batting: RHB Ronald Harper
|
0-0: Ball 1-0: Called Strike 1-1: DOUBLE (Line Drive, 9LM, EV 90.6 MPH) Bill Kuchar to third
|
Batting: RHB Trajano Estrela
|
0-0: Ball 1-0: Ball 2-0: Called Strike 2-1: Foul Ball, location: 2F 2-2: Foul Ball, location: 2F 2-2: Strikes out swinging
|
Batting: RHB Elijah Ben
|
0-0: Intentional Walk
|
Batting: RHB Phil Smith
|
0-0: Ball 1-0: Swinging Strike 1-1: SINGLE (Groundball, 4, EV 105.0 MPH) Bill Kuchar scores
|
Bottom of the 9th over - 1 run, 2 hits, 0 errors, 0 left on base; Renton 6 - Bend 7 |
|